 Dungeon Crawl Stone Soup version 0.29.1-12-g30fa7ad0bf (webtiles) character file.

Game seed: 14130363143018531679

3 thatblackman the Grave Robber (level 1, 0/10 HPs)
             Began as a Vampire Necromancer on Jan 5, 2023.
             Slain by a gnoll
             ... wielding a +0 spear
              (7 damage)
             ... on level 2 of the Dungeon.
             The game lasted 00:02:05 (176 turns).

thatblackman the Grave Robber (Vampire Necromancer)  Turns: 176, Time: 00:02:06

Health: 0/10       AC:  5    Str:  7    XL:     1   Next: 41%
Magic:  0/3        EV: 10    Int: 17    God:
Gold:   30         SH:  0    Dex: 14    Spells: 3/4 levels left

rFire   . . .      SeeInvis +   d - +0 short sword
rCold   + + .      Faith    .   (no shield)
rNeg    + + +      Spirit   .   c - +0 ring mail
rPois   ∞          Reflect  .   (no helmet)
rElec   .          Harm     .   (no cloak)
rCorr   .          Rampage  .   (no gloves)
Will    .....                   (no boots)
Stlth   ++++......              (no amulet)
HPRegen 0.00/turn               (no ring)
MPRegen 0.08/turn               (no ring)

@: bloodless, inhibited regen
A: bloodless, fangs 3, see invisible, vampiric 1
a: Revivify


You were on level 2 of the Dungeon.
You visited 1 branch of the dungeon, and saw 2 of its levels.

You collected 30 gold pieces.

Inventory:

Hand Weapons
 d - a +0 short sword (weapon)
Armour
 a - a +0 robe
 c - a +0 ring mail (worn)
Scrolls
 e - a scroll of teleportation {unknown}
Potions
 b - a potion of magic


   Skills:
 + Level 2.2 Dodging
 + Level 3.0 Stealth
 + Level 2.0 Spellcasting
 + Level 4.5 Necromancy


You had 3 spell levels left.
You knew the following spells:

 Your Spells              Type           Power      Damage    Failure   Level
a - Necrotise             Necr           68%        1d7       11%         1

Your spell library contained the following spells:

 Spells                   Type           Power      Damage    Failure   Level
 Vampiric Draining        Necr           17%        2d7       32%         3
 Animate Dead             Necr           17%        N/A       71%         4
 Agony                    Necr           17%        N/A       96%         5


Dungeon Overview and Level Annotations

Branches:
Dungeon (2/15)

Altars:


Innate Abilities, Weirdness & Mutations

You do not regenerate when monsters are visible.
You are frail without blood (-20% HP).
You can heal yourself when you bite living creatures.
You are immune to poison.
You have razor-sharp teeth.
You have supernaturally acute eyesight. (SInv)
You are afflicted with vampirism.


Message History

The dead are walking!
A gnoll comes into view. It is wielding a +0 flail.
The hobgoblin shouts!
Casting: Necrotise (safe; 11% risk of failure)
Confirm with . or Enter, or press ? or * to list all spells.
Aiming: Necrotise (safe; 11% risk of failure)
Press: ? - help, Shift-Dir - straight line, f - hobgoblin
Aim: a hobgoblin (chance to affect: 86%)
The hobgoblin writhes in agony.
You kill the hobgoblin!
The dead are walking!
A goblin comes into view. It is wielding a +0 club.
A hobgoblin comes into view.
A gnoll comes into view. It is wielding a +0 spear.
The gnoll shouts!
You hear an angry hiss. x2; You hear a shout!
A gnoll comes into view. It is wielding a +0 spear.
You hear an angry hiss.
You hear a shout!
The gnoll shouts!
A gnoll comes into view. It is wielding a +0 flail.
Found a brown potion.
Casting: Necrotise (safe; 11% risk of failure)
Confirm with . or Enter, or press ? or * to list all spells.
Aiming: Necrotise (safe; 11% risk of failure)
Press: ? - help, Shift-Dir - straight line, f - gnoll
Aim: a gnoll, wielding a +0 flail (ally target, chance to affect: 81%)
The gnoll writhes in agony.
An adder comes into view.
A worm comes into view.
Something hits your hobgoblin skeleton.
A frilled lizard comes into view.
Casting: Necrotise (safe; 11% risk of failure)
Confirm with . or Enter, or press ? or * to list all spells.
You don't have enough magic to cast this spell.
You closely miss the gnoll.
A frilled lizard comes into view.
The gnoll hits you with a +0 flail.
You closely miss the gnoll.
The frilled lizard hisses angrily.
Your bite misses the gnoll.
The gnoll hits you from afar with a +0 spear!
Ouch! That really hurt!
You die...

### ...! .S..l
.lwg..#####
#..gg@ZZ########
#.#g###g<.......
................
...###.#.#######.
... .g.#.# .# ##.
#.# #g #.# . ...
## #.#


You could see a worm, 4 gnolls, an adder, a hobgoblin, 2 frilled lizards, a
friendly frilled lizard skeleton and a friendly hobgoblin skeleton.

Vanquished Creatures
  A hobgoblin (D:2)
  A kobold (D:1)
  A frilled lizard (D:2)
3 creatures vanquished.

Notes
Turn   | Place    | Note
-------+----------+-------------------------------------------
     0 | D:1      | thatblackman the Vampire Necromancer began the quest for
                  | the Orb.
     0 | D:1      | Reached XP level 1. HP: 13/13 MP: 3/3
   176 | D:2      | Slain by a gnoll

Illustrated notes

Levels and vault maps discovered:
D:1:      ncdulo_halloftheorcs, layout_loops_ring,
          hellmonk_ecumenical_altar_crossroads, minmay_strange_pillars
D:2:      layout_basic, uniq_crazy_yiuf_cottage, uniq_terence, uniq_sigmund

Action                   || total
-------------------------++-------
Melee: Short sword       ||     2
 Cast: Necrotise         ||     4
 Abil: Exsanguinate      ||     1
